 Dungeon Crawl Stone Soup version 0.28-a0-1447-ga5a8893891 (webtiles) character file.

Game seed: 7649566022944580306

285703 agentchuck the Warrior (level 20, -4/188 HPs)
             Began as a Ghoul Gladiator on Jan 7, 2022.
             Was the Champion of Makhleb.
             Shot with a bolt by a yaktaur captain (33 damage)
             ... on level 1 of the Vaults on Jan 10, 2022.
             The game lasted 03:24:24 (64389 turns).

agentchuck the Warrior (Ghoul Gladiator)           Turns: 64389, Time: 03:24:25

Health: -4/188     AC: 29    Str: 29    XL:     20   Next: 62%
Magic:  0/28       EV: 13    Int:  5    God:    Makhleb [******]
Gold:   2541       SH:  0    Dex: 13    Spells: 14/19 levels left

rFire   + + .      SeeInvis +   a - +7 battleaxe (flame)
rCold   + . .      Faith    .   (shield currently unavailable)
rNeg    + + +      Spirit   +   Z - +1 plate armour {rF+}
rPois   ∞          Reflect  .   c - +2 helmet
rElec   .          Harm     .   R - +2 cloak {Will+}
rCorr   .          Rampage  .   (no gloves)
Will    ++...                   p - +2 pair of boots
Stlth   ..........              G - amulet of guardian spirit
HPRegen 0.00/turn               v - ring of see invisible
MPRegen 0.21/turn               F - ring of Twilight {rF+ Str+4 Dex+3}

@: inhibited regen, studying Conjurations
A: claws 1, cold resistance 1, negative energy resistance 3, inhibited
regeneration, torment resistance 2
}: 2/15 runes: barnacled, gossamer
a: Renounce Religion, Minor Destruction, Lesser Servant of Makhleb, Major
Destruction, Greater Servant of Makhleb


You were on level 1 of the Vaults.
You worshipped Makhleb.
Makhleb was exalted by your worship.
You visited 8 branches of the dungeon, and saw 36 of its levels.
You also visited: Bailey, Gauntlet and Ice Cave.

You collected 4884 gold pieces.
You spent 2343 gold pieces at shops.


Innate Abilities, Weirdness & Mutations

You thrive by killing the living.
You are immune to poison.
You have sharp fingernails.
Your flesh is cold resistant. (rC+)
You are immune to negative energy. (rN+++)
You do not regenerate when monsters are visible.
You are immune to unholy pain and torment.


   Skills:
 + Level 18.2 Fighting
 + Level 17.4 Axes
 + Level 8.6 Throwing
 + Level 15.3 Armour
 - Level 13.9 Dodging
 - Level 13.2 Invocations
 + Level 7.1 Evocations


You had 14 spell levels left.
You knew the following spells:

 Your Spells              Type           Power      Damage    Failure   Level
a - Passwall              Tmut/Erth      0%         N/A       99%         2
v - Vampiric Draining     Necr           0%         2d6       100%        3

Your spell library contained the following spells:

 Spells                   Type           Power      Damage    Failure   Level
 Animate Skeleton         Necr           0%         N/A       96%         1
 Apportation              Tloc           0%         N/A       96%         1
 Magic Dart               Conj           0%         1d3       96%         1
 Pain                     Necr           0%         1d4       96%         1
 Slow                     Hex            0%         N/A       96%         1
 Sting                    Tmut/Pois      0%         1d3       96%         1
 Summon Small Mammal      Summ           0%         N/A       96%         1
 Blink                    Tloc           0%         N/A       99%         2
 Corpse Rot               Necr/Air       0%         N/A       99%         2
 Ensorcelled Hibernation  Hex/Ice        0%         N/A       99%         2
 Static Discharge         Conj/Air       0%         N/A       99%         2
 Call Canine Familiar     Summ           0%         N/A       100%        3
 Confusing Touch          Hex            0%         N/A       100%        3
 Dazzling Flash           Conj/Hex       0%         N/A       100%        3
 Frozen Ramparts          Ice            0%         1d2       100%        3
 Gell's Gravitas          Tloc           0%         N/A       100%        3
 Ignite Poison            Fire/Tmut/Pois 0%         N/A       100%        3
 Lesser Beckoning         Tloc           0%         N/A       100%        3
 Mephitic Cloud           Conj/Pois/Air  0%         N/A       100%        3
 Ozocubu's Armour         Ice            0%         N/A       100%        3
 Portal Projectile        Hex/Tloc       0%         N/A       100%        3
 Stone Arrow              Conj/Erth      0%         3d7       100%        3
 Summon Guardian Golem    Hex/Summ       0%         N/A       100%        3
 Swiftness                Air            0%         N/A       100%        3
 Teleport Other           Tloc           0%         N/A       100%        3
 Anguish                  Hex/Necr       0%         N/A       100%        4
 Animate Armour           Summ/Erth      0%         N/A       100%        4
 Dispel Undead            Necr           0%         3d6       100%        4
 Leda's Liquefaction      Hex/Erth       0%         N/A       100%        4
 Passage of Golubria      Tloc           0%         N/A       100%        4
 Petrify                  Tmut/Erth      0%         N/A       100%        4
 Sticky Flame             Conj/Fire      0%         2d3       100%        4
 Summon Ice Beast         Ice/Summ       0%         N/A       100%        4
 Agony                    Necr           0%         N/A       100%        5
 Alistair's Intoxication  Tmut/Pois      0%         N/A       100%        5
 Borgnjor's Vile Clutch   Necr/Erth      0%         N/A       100%        5
 Freezing Cloud           Conj/Ice/Air   0%         6-21      100%        5
 Irradiate                Conj/Tmut      0%         3d14      100%        5
 Manifold Assault         Tloc           0%         N/A       100%        5
 Silence                  Hex/Air        0%         N/A       100%        5
 Summon Forest            Summ/Tloc      0%         N/A       100%        5
 Summon Mana Viper        Hex/Summ       0%         N/A       100%        5
 Conjure Ball Lightning   Conj/Air       0%         3x3d6     100%        6
 Dispersal                Tloc           0%         N/A       100%        6
 Eringya's Noxious Bog    Tmut/Pois      0%         N/A       100%        6
 Haunt                    Necr/Summ      0%         N/A       100%        7
 Monstrous Menagerie      Summ           0%         N/A       100%        7
 Orb of Destruction       Conj           0%         N/A       100%        7
 Ozocubu's Refrigeration  Ice            0%         4d5       100%        7
 Spellforged Servitor     Conj/Summ      0%         N/A       100%        7
 Discord                  Hex            0%         N/A       100%        8
 Disjunction              Tloc           0%         N/A       100%        8
 Lehudib's Crystal Spear  Conj/Erth      0%         10d2      100%        8
 Sublimation of Blood     Necr           Unusable   N/A       N/A         2
 Spider Form              Tmut/Pois      Unusable   N/A       N/A         3
 Ice Form                 Ice/Tmut       Unusable   N/A       N/A         4
 Death's Door             Necr           Unusable   N/A       N/A         9

Inventory:

Hand Weapons
 a - a +7 battleaxe of flaming (weapon)
 q - the +4 hand axe "Voycuc" {vorpal, rElec Will+ Stlth+}
   (You found it on level 2 of the Dungeon)

   It inflicts extra damage upon your enemies.
   rElec:     It insulates you from electricity.
   Will:      It increases your willpower.
   Stlth:     It makes you more stealthy.
 w - a +4 broad axe of draining
Missiles
 o - 40 boomerangs (quivered)
 t - 6 throwing nets {=f}
 u - 85 poisoned darts
 y - 10 javelins
 T - 7 boomerangs of dispersal {=f}
 W - 2 curare-tipped darts {=f}
Armour
 c - a +2 helmet (worn)
 g - a scarf of resistance
 p - a +2 pair of boots (worn)
 B - a +1 plate armour of willpower
 R - a +2 cloak of willpower (worn)
 Z - a +1 plate armour of fire resistance (worn)
Jewellery
 v - a ring of see invisible (left claw)
 E - a +4 ring of evasion
 F - the ring of Twilight (right claw) {rF+ Str+4 Dex+3}
   (You bought it in a shop on level 1 of the Elven Halls)

   [ring of protection from fire]

   Str:       It affects your strength (+4).
   Dex:       It affects your dexterity (+3).
   rF:        It protects you from fire.
 G - an amulet of guardian spirit (around neck)
 K - the ring "Nearreab" {rC+ Int+6}
   (You found it on level 2 of the Lair of Beasts)

   [ring of protection from cold]

   Int:       It affects your intelligence (+6).
   rC:        It protects you from cold.
 L - the ring "Ecafeuw" {Wiz Fly Dex+4}
   (You found it in a Gauntlet)

   [ring of wizardry]

   It improves your spell success rate.
   Dex:       It affects your dexterity (+4).
   Fly:       It grants you flight.
 M - a ring of willpower
 Y - a +4 ring of slaying
Wands
 l - a wand of paralysis (19)
 x - a wand of iceblast (14)
 z - a wand of digging (16)
 D - a wand of acid (10)
 I - a wand of polymorph (15)
Scrolls
 h - a scroll of torment
 i - 6 scrolls of fog
 j - 4 scrolls of fear
 m - 3 scrolls of enchant armour
 r - 7 scrolls of magic mapping
 A - 10 scrolls of teleportation {@r4}
 O - 4 scrolls of brand weapon
 Q - 8 scrolls of identify {@r1}
 S - 4 scrolls of blinking
 V - 6 scrolls of vulnerability {!r}
Potions
 b - 5 potions of heal wounds {@q2}
 d - 4 potions of resistance
 e - a potion of haste {@q3}
 f - 2 potions of invisibility
 C - 5 potions of cancellation
 H - a potion of flight
 J - 6 potions of curing {@q1}
 P - 2 potions of might
 U - 4 potions of ambrosia
Miscellaneous
 k - a tin of tremorstones (1/2)
 n - a phantom mirror
 s - a condenser vane (inert)
 N - a phial of floods
 X - a box of beasts

Dungeon Overview and Level Annotations

Branches:
Dungeon (15/15)            Temple (1/1) D:7            Lair (6/6) D:11
 Shoals (4/4) Lair:3       Spider (4/4) Lair:3        Slime (0/5) Lair:5
    Orc (2/2) D:10            Elf (3/3) Orc:2        Vaults (1/5) D:13
 Depths (0/4) D:15         Bailey (visited)           IceCv (visited)
Gauntlet (visited)

Altars:
Ashenzari
Fedhas
Gozag
Kikubaaqudgha
Makhleb
Nemelex Xobeh
Ru
Trog
Vehumet
Wu Jian
Zin
Beogh
Jiyva

Shops:
D:1 *   D:6 (**   D:8 *   Orc:2 =(*[   Elf:1 =   Shoals:4 *

Annotations:
D:3 Sigmund
D:14 2 runed translucent doors, exclusion: 2 doors, Adrian566's ghost, journeyman GrFi
D:15 2 runed translucent doors, exclusion: 2 doors, flotson's ghost, journeyman DsGl
Lair:1 3 runed translucent doors, exclusion: 3 doors, Lieveipp's ghost, novice DsFi
Spider:4 Roxanne

▒.....▒ ▒..▒...▒) ▒.....▒
▒▒▒▒...▒▒ ▒.....▒ ▒.⌠.▒
▒.....▒ ▒▒▒▒▒ ▒..▒▒.▒
▒▒▒▒▒▒▒
▒..▒▒.▒▒▒▒▒▒▒▒▒▒....... .
▒.....▒....o..co)......
...▒...▒.▒......p.▒.......
▒....'.▒.▒.▒@.......▒.......
▒....▒.....'...oo...▒.....).
▒▒▒▒▒▒▒▒▒▒▒▒........▒.......
▒........▒▒▒▒▒▒▒▒ ▒▒▒▒▒▒▒▒▒▒


You could see an orc warlord (strong), a yaktaur captain, 2 orc knights and a
vault sentinel.


Message History

The very large slime creature is almost dead.
You slash the yaktaur captain! You burn the yaktaur captain!
You barely miss the orc warlord.
The orc warlord hits you with a +0 long sword!
* * * LOW HITPOINT WARNING * * *
The very large slime creature hits you!
* * * LOW HITPOINT WARNING * * *
The orc knight hits you from afar with a +0 bardiche!
* * * LOW HITPOINT WARNING * * *
You slice the yaktaur captain!! You burn the yaktaur captain!
The yaktaur captain is severely wounded.
You slash the very large slime creature!
You burn the very large slime creature.
You kill the very large slime creature!
Makhleb accepts your kill.
You feel better.
You barely miss the orc warlord. The orc warlord misses you.
The yaktaur captain unwields a +0 arbalest.
The yaktaur captain misses you.
The orc knight hits you from afar with a +0 bardiche!
* * * LOW HITPOINT WARNING * * *
The vault sentinel blows a loud note on a signal horn!
You hear a roar!
Okay, then.
Unknown command.
The orc knight no longer looks unusually strong.
The yaktaur captain wields a +0 arbalest.
The yaktaur captain shoots a bolt.
The bolt hits you!!
* * * LOW HITPOINT WARNING * * *
The yaktaur captain shoots a bolt.
The bolt hits you!!!
You die...

Skill      XL: |  1  2  3  4  5  6  7  8  9 10 11 12 13 14 15 16 17 18 19 20 |
---------------+-------------------------------------------------------------+-----
Axes           | 3 4 5 8 9 10 11 12 13 14 15 16 17 | 17.4
Armour         | 1 3 6 8 9 10 11 12 13 14 15 | 15.3
Fighting       | 3 5 7 8 10 11 12 13 14 15 16 17 18 | 18.2
Invocations    | 3 6 8 10 11 13 | 13.2
Dodging        | 3 6 7 8 9 10 11 12 13 | 13.9
Evocations     | 2 4 5 6 7 |  7.1
Throwing       | 2 5 6 7 8 |  8.6

Action                   |  1- 3 |  4- 6 |  7- 9 | 10-12 | 13-15 | 16-18 | 19-21 || total
-------------------------+-------+-------+-------+-------+-------+-------+-------++-------
Melee: War axe           |    85 |    34 |    78 |   594 |  1016 |       |       ||  1807
       Punch             |     1 |     2 |     1 |    16 |    33 |     2 |     2 ||    57
       Hand axe          |       |    66 |   209 |    84 |     9 |   442 |    69 ||   879
       Morningstar       |       |       |       |       |    16 |       |       ||    16
       Battleaxe         |       |       |       |       |   204 |   462 |   670 ||  1336
       Broad axe         |       |       |       |       |    80 |   835 |       ||   915
 Fire: Hunting sling     |       |       |    17 |    51 |     2 |       |       ||    70
       Fustibalus        |       |       |       |       |     3 |       |       ||     3
Throw: Boomerang         |       |     4 |       |       |    31 |    83 |   110 ||   228
       Throwing net      |       |     1 |     3 |       |       |       |       ||     4
       Dart              |       |       |     6 |    22 |    23 |    59 |       ||   110
       Stone             |       |       |     1 |     5 |     3 |       |       ||     9
       Javelin           |       |       |       |     1 |    16 |    12 |    23 ||    52
Invok: Lesser Servant of |       |       |       |       |    22 |    35 |    14 ||    71
       Minor Destruction |       |       |       |       |     3 |       |       ||     3
       Major Destruction |       |       |       |       |     7 |     5 |     3 ||    15
Evoke: Wand              |       |       |       |    29 |     4 |    36 |       ||    69
       Tin of tremorston |       |       |       |       |     2 |     1 |     4 ||     7
       Condenser vane    |       |       |       |       |     1 |     3 |     3 ||     7
       Box of beasts     |       |       |       |       |       |       |     3 ||     3
       Phial of floods   |       |       |       |       |       |       |     1 ||     1
  Use: Potion            |       |     2 |     9 |     3 |       |     7 |     3 ||    24
       Scroll            |       |       |     9 |    11 |    14 |    12 |     4 ||    50
 Stab: Invisible         |       |       |     2 |       |       |       |       ||     2
       Held in net/web   |       |       |     1 |       |       |     1 |       ||     2
       Distracted        |       |       |     1 |       |     5 |     4 |     2 ||    12
       Paralysed         |       |       |       |    10 |       |     9 |       ||    19
Armor: Leather armour    |    38 |       |       |       |       |       |       ||    38
       Ring mail         |     3 |       |       |       |       |       |       ||     3
       Chain mail        |       |    37 |   138 |       |       |       |       ||   175
       Plate armour      |       |       |    20 |   498 |   769 |  1455 |   389 ||  3131
Dodge: Dodged            |    73 |    33 |   113 |   243 |   860 |  1485 |   362 ||  3169

Levels and vault maps discovered:
D:1:      wander_arrival_fairy_ring, layout_basic, serial_shops, shop
D:2:      layout_loops_ring, dreamdust_ecumenical_altar_grove, uniq_natasha
D:3:      layout_loops_cross, uniq_sigmund
D:4:      layout_basic, kiku_gazebo_garden_becter, minivault_11, uniq_pikel
D:5:      layout_loops_ring, uniq_edmund
D:6:      layout_basic, serial_shops,
          nicolae_shop_temple_entry_statues_fountains, kennysheep_mini,
          nicolae_shop_hallway_stairs
D:7:      minmay_chambers_of_sevens, layout_basic, temple_doors_cd,
          enter_bailey_2, chequers_arboretum, minivault_27, kb_rosetta
D:8:      layout_loops_cross, eino_tiny_chamber, grunt_ministairs_11,
          nicolae_shop_overcharged_wands
D:9:      layout_basic, nicolae_wu_jian_glorious_leap
D:10:     layout_cave_pools, nemelex_diamond_rough_becter, david_orc_1_choice
D:11:     layout_big_octagon, david_lair_generic, uniq_erica, uniq_urug
D:12:     layout_loops_ring, chequers_serial_rivers_large_a
D:13:     layout_rooms, skrybe_vaults_entry_preservation,
          amcnicky_mini_pool_small, trog_hazing_becter
D:14:     layout_grid_maze, ebering_ghost_disaster_area, gauntlet_entry_generic,
          minmay_stone_trees_medium
D:15:     grunt_enter_depths_snipers, layout_irregular_city,
          ebering_ghost_disaster_area
Temple:   mainiacjoe_temple_bowtie_tessellation
Lair:1:   layout_regular_city, maelrawn_ghost_gauntlet_escape,
          grunt_megastairs_5
Lair:2:   layout_roguey, disabler_island, lemuel_fruit_tree
Lair:3:   layout_regular_city, elwin_shoals_entry_stream,
          nicolae_spider_entry_non_spiders
Lair:4:   layout_regular_city, nicolae_lair_lindhole
Lair:5:   layout_gridlike, dpeg_slime_entry_enclosed_altar, roderic_batcave
Lair:6:   evilmike_catoblepas_cave, layout_regular_city, pond,
          infiniplex_staircase_pool
Shoals:1: layout_shoals, uniq_louise
Shoals:2: layout_shoals, nicolae_shoals_hidden_pirate_stash
Shoals:3: layout_shoals
Shoals:4: shoals_end_grunt_garden, layout_shoals, serial_shops, shop
Spider:1: layout_chambers, nicolae_spider_some_kinda_spiderbox
Spider:2: layout_spider_delve, portal_ice_cave_entry_ice_simulacra
Spider:3: nicolae_spider_jumping_over_cracks [nicolae_spider_jumping_sub_plain,
          nicolae_spider_jumping_sub_shuffled,
          nicolae_spider_jumping_sub_narrow, nicolae_spider_jumping_sub_rim]
Spider:4: spider_rune_water, worms_lemuel, uniq_mara, uniq_nikola, uniq_roxanne,
          uniq_donald
Orc:1:    layout_caves, serial_shops, basic_altar, uniq_gastronok
Orc:2:    grunt_orc_cross, layout_caves, basic_altar
Elf:1:    elf_arrival_001, layout_loops_corners, serial_shops,
          nicolae_shop_advertising_works [nicolae_subvault_shop_adworks],
          minmay_elf_necromancy
Elf:2:    nicolae_elf_blades_splatter_lattice [mumra_blade_entry_dagger],
          layout_rooms
Elf:3:    elf_hall_gauntlet_wide, layout_loops_corners, minmay_elf_sorcery
Vaults:1: hangedman_vaults_slice, vaults_room_grunt_arrival_checkpoint,
          ontoclasm_vaults_tryst, ontoclasm_vaults_ring_square,
          nicolae_vaults_little_squares_3, v_misc_29, hangedman_vaults_pinch,
          v_misc_24, nicolae_vaults_statue_guard, nicolae_vaults_theta,
          vaults_room_grid, nicolae_vaults_little_squares_4, v_pattern_2,
          nicolae_vaults_puzzle_piece, vaults_mumra_chevron, vaults_room_pool,
          layout_vaults_maze_bifur

Notes
Turn   | Place    | Note
-------+----------+-------------------------------------------
     0 | D:1      | agentchuck the Ghoul Gladiator began the quest for the Orb.
     0 | D:1      | Reached XP level 1. HP: 17/17 MP: 0/0
   191 | D:1      | Reached skill level 3 in Axes
   221 | D:1      | Reached XP level 2. HP: 24/24 MP: 1/1
   364 | D:1      | Found Vydeivia's Assorted Antiques.
   666 | D:1      | Reached XP level 3. HP: 28/29 MP: 2/2
   944 | D:2      | Noticed Natasha
   952 | D:1      | Reached skill level 4 in Axes
  1119 | D:2      | Found a faded altar of an unknown god.
  1395 | D:2      | Reached XP level 4. HP: 32/36 MP: 3/3
  1664 | D:2      | Killed Natasha
  2018 | D:2      | Identified the +4 hand axe "Voycuc" {vorpal, rElec Will+
                  | Stlth+}
  2022 | D:2      | Noticed Natasha
  2033 | D:2      | Killed Natasha
  2034 | D:2      | Reached skill level 5 in Axes
  2034 | D:2      | Reached XP level 5. HP: 26/41 MP: 4/4
  2350 | D:3      | Noticed Sigmund
  3075 | D:4      | Reached XP level 6. HP: 33/48 MP: 5/5
  3172 | D:4      | Reached skill level 6 in Axes
  3219 | D:4      | Noticed Pikel
  3271 | D:3      | Killed Pikel
  3272 | D:3      | Reached skill level 8 in Axes
  3272 | D:3      | Reached XP level 7. HP: 19/55 MP: 6/6
  3719 | D:4      | Found an ancient bone altar of Kikubaaqudgha.
  4169 | D:5      | Entered Level 5 of the Dungeon
  4185 | D:5      | Reached skill level 1 in Armour
  4240 | D:5      | Reached skill level 3 in Fighting
  4240 | D:5      | Reached XP level 8. HP: 63/63 MP: 7/7
  4260 | D:5      | Noticed Edmund
  4290 | D:5      | Killed Edmund
  4291 | D:5      | Reached skill level 2 in Armour
  4488 | D:5      | HP: 5/66 [killer bee (5)]
  4493 | D:5      | Lost intelligence.
  4505 | D:5      | Reached skill level 4 in Fighting
  4830 | D:5      | Reached skill level 3 in Armour
  5870 | D:1      | Bought a smoky ruby potion for 22 gold pieces
  5870 | D:1      | Bought a glowing hunting sling for 112 gold pieces
  5870 | D:1      | Bought a scroll labelled QAOJERITOI for 25 gold pieces
  5870 | D:1      | Bought a scroll labelled DUHON WYEL for 25 gold pieces
  5870 | D:1      | Bought a smoky golden potion for 22 gold pieces
  6375 | D:6      | Reached skill level 5 in Fighting
  6462 | D:6      | Found Mup Paah's General Store.
  6471 | D:6      | Bought a +0 pair of boots for 49 gold pieces
  6504 | D:6      | Reached skill level 9 in Axes
  6504 | D:6      | Reached XP level 9. HP: 35/74 MP: 8/8
  6803 | D:6      | Found Ecypoos's Assorted Antiques.
  6904 | D:6      | Reached skill level 4 in Armour
  7988 | D:6      | Found Plog's Weapon Boutique.
  8292 | D:7      | Reached skill level 6 in Fighting
  8391 | D:7      | Identified 3 potions of resistance
  8538 | D:7      | Found a flagged portal.
  8551 | Bailey   | Entered a bailey
  8869 | Bailey   | Noticed an orc warlord
  8935 | Bailey   | Noticed an orc knight
  9104 | D:7      | Reached skill level 5 in Armour
  9120 | D:7      | Noticed a two-headed ogre
  9120 | D:7      | Noticed a troll
  9346 | D:7      | Noticed an eight-headed hydra
  9700 | D:8      | Reached skill level 7 in Fighting
  9898 | D:8      | Identified the +3 robe of Gaolav {rElec Will+ Str+4}
 10024 | D:8      | Noticed a two-headed ogre
 10079 | D:8      | Killed a two-headed ogre
 10080 | D:8      | Reached skill level 10 in Axes
 10080 | D:8      | Reached skill level 6 in Armour
 10080 | D:8      | Reached XP level 10. HP: 26/88 MP: 9/9
 10516 | D:8      | Found Goffios's Overcharged Wands.
 10955 | D:7      | HP: 3/88 [something (25)]
 11363 | D:7      | Reached skill level 8 in Fighting
 11785 | D:7      | Found a staircase to the Ecumenical Temple.
 11790 | Temple   | Entered the Ecumenical Temple
 11836 | Temple   | Became a worshipper of Makhleb the Destroyer
 11891 | D:7      | Noticed a boulder beetle
 12524 | D:7      | Identified the +0 robe of Paranoia {rElec rC- Dex+4
                  | Archmagi}
 13060 | D:9      | Reached skill level 1 in Invocations
 13236 | D:9      | Reached skill level 3 in Dodging
 13236 | D:9      | Reached skill level 1 in Evocations
 13488 | D:9      | Got the Volume of Creative Clay
 13525 | D:9      | Found an ornate altar of the Wu Jian Council.
 13823 | D:9      | Reached skill level 2 in Invocations
 14038 | D:10     | Entered Level 10 of the Dungeon
 14081 | D:10     | Reached skill level 2 in Evocations
 14134 | D:10     | Found a sparkling altar of Nemelex Xobeh.
 14155 | D:10     | Reached * piety under Makhleb
 14205 | D:9      | Reached skill level 3 in Invocations
 14441 | D:10     | Reached skill level 2 in Throwing
 14441 | D:10     | Reached XP level 11. HP: 94/94 MP: 12/12
 14535 | D:10     | Noticed a two-headed ogre
 14548 | D:10     | Killed a two-headed ogre
 14549 | D:10     | Reached skill level 11 in Axes
 14549 | D:10     | Reached skill level 4 in Invocations
 14549 | D:10     | Reached skill level 3 in Evocations
 14977 | D:10     | Reached skill level 3 in Throwing
 15017 | D:10     | Found a staircase to the Orcish Mines.
 15398 | D:11     | Noticed Urug
 15442 | Orc:1    | Entered Level 1 of the Orcish Mines
 15629 | Orc:2    | Entered Level 2 of the Orcish Mines
 15629 | Orc:2    | Found a staircase to the Elven Halls.
 15718 | Orc:2    | Noticed an orc sorcerer
 15718 | Orc:2    | Noticed an orc warlord
 15751 | Orc:1    | Reached skill level 4 in Evocations
 15774 | Orc:1    | Reached skill level 5 in Invocations
 16137 | D:7      | Killed a boulder beetle
 16168 | D:7      | Killed an eight-headed hydra
 16169 | D:7      | Reached skill level 4 in Throwing
 16386 | D:7      | Killed a two-headed ogre
 16608 | D:7      | Reached skill level 6 in Invocations
 16721 | D:6      | Bought an amethyst potion for 25 gold pieces
 16721 | D:6      | Bought a scroll of magic mapping for 98 gold pieces
 16721 | D:6      | Bought a scroll of identify for 56 gold pieces
 16721 | D:6      | Bought a scroll labelled YFYEDE TYAW for 28 gold pieces
 16932 | D:8      | Bought a wand of paralysis (25) for 459 gold pieces
 17011 | D:10     | Killed Urug
 17030 | D:10     | Reached ** piety under Makhleb
 17151 | D:11     | Found a staircase to the Lair.
 17213 | D:11     | Reached skill level 5 in Throwing
 17228 | D:11     | Noticed Erica
 17248 | D:11     | Reached XP level 12. HP: 79/103 MP: 15/15
 17494 | Lair:1   | Entered Level 1 of the Lair of Beasts
 17671 | Lair:1   | Reached skill level 4 in Dodging
 17806 | Lair:1   | Reached skill level 12 in Axes
 17813 | Lair:1   | Reached skill level 7 in Armour
 18097 | Lair:1   | Reached skill level 9 in Fighting
 18137 | Lair:1   | Noticed a minotaur
 18137 | Lair:1   | Noticed Lieveipp's ghost (novice DsFi)
 18265 | Lair:1   | Found a runed translucent gate.
 18265 | Lair:1   | Found a runed translucent gate.
 18265 | Lair:1   | Found a runed translucent gate.
 18790 | Lair:2   | Identified the ring "Nearreab" {rC+ Int+6}
 18811 | Lair:2   | Learned a level 3 spell: Vampiric Draining
 18814 | Lair:2   | Learned a level 2 spell: Passwall
 18917 | Lair:2   | Reached skill level 5 in Dodging
 19949 | D:11     | Killed Erica
 20172 | D:11     | Noticed a two-headed ogre
 20184 | D:11     | Killed a two-headed ogre
 20185 | D:11     | Reached skill level 8 in Armour
 20401 | Lair:3   | Reached skill level 10 in Fighting
 20406 | Lair:3   | Reached *** piety under Makhleb
 20623 | Lair:3   | Reached skill level 6 in Throwing
 20623 | Lair:3   | Reached skill level 6 in Dodging
 20702 | Lair:3   | Reached XP level 13. HP: 113/113 MP: 15/17
 21509 | Lair:3   | Found a staircase to the Shoals.
 21845 | Lair:3   | Found a hole to the Spider Nest.
 22454 | Lair:4   | Identified the +0 robe "Nidyer" {rPois rC+ rN+ SInv}
 22760 | Lair:4   | Reached skill level 9 in Armour
 22760 | Lair:4   | Reached skill level 7 in Dodging
 22773 | Lair:4   | Reached skill level 11 in Fighting
 23159 | Lair:4   | Reached **** piety under Makhleb
 23540 | Lair:5   | Identified a scarf of resistance
 23778 | Lair:5   | Found a viscous altar of Jiyva.
 23779 | Lair:5   | Found a staircase to the Slime Pits.
 24449 | Lair:6   | Entered Level 6 of the Lair of Beasts
 24529 | Lair:5   | Reached skill level 13 in Axes
 24529 | Lair:5   | Reached XP level 14. HP: 69/125 MP: 8/18
 24530 | Lair:5   | Reached skill level 8 in Dodging
 24905 | Lair:6   | Reached skill level 12 in Fighting
 25190 | Lair:6   | Reached skill level 10 in Armour
 25726 | Lair:6   | Reached skill level 7 in Invocations
 26552 | Lair:6   | Upgraded the game from 0.28-a0-1412-gf95308ed99 to
                  | 0.28-a0-1415-g7c84da036a
 26768 | D:12     | Reached ***** piety under Makhleb
 26865 | D:12     | Reached skill level 5 in Evocations
 27455 | D:12     | Reached skill level 8 in Invocations
 28112 | D:13     | Noticed an ironbound preserver
 28415 | D:12     | Killed an ironbound preserver
 28596 | D:12     | Reached XP level 15. HP: 95/134 MP: 14/20
 28947 | D:12     | Reached skill level 13 in Fighting
 29415 | D:13     | Found a bloodstained altar of Trog.
 29600 | D:13     | Paralysed by a floating eye for 2 turns
 29609 | D:13     | Found a gate to the Vaults.
 29920 | D:13     | Reached skill level 11 in Armour
 30179 | D:14     | Found a gate leading to a gauntlet.
 30185 | Gauntlet | Entered a Gauntlet
 30185 | Gauntlet | Found a transporter.
 30185 | Gauntlet | Found a transporter.
 30235 | Gauntlet | Found a transporter.
 30235 | Gauntlet | Found a transporter.
 30238 | Gauntlet | Found a transporter.
 30254 | Gauntlet | Found a transporter.
 30254 | Gauntlet | Found a transporter.
 30313 | Gauntlet | Found a transporter.
 30323 | Gauntlet | Found a transporter.
 30338 | Gauntlet | Found a transporter.
 30353 | Gauntlet | Found a transporter.
 30363 | Gauntlet | Found a transporter.
 30727 | Gauntlet | Identified the ring "Ecafeuw" {Wiz Fly Dex+4}
 31256 | D:14     | Found a large runed translucent door.
 31258 | D:14     | Found a large runed translucent door.
 31260 | D:14     | Noticed Adrian566's ghost (journeyman GrFi)
 31289 | D:14     | Reached skill level 14 in Axes
 31426 | D:14     | Reached skill level 9 in Invocations
 31781 | D:14     | Found the +18 shield of the Gong {rElec rN+ Will+ EV-5}
 32093 | D:15     | Entered Level 15 of the Dungeon
 32117 | D:14     | Reached skill level 9 in Dodging
 32830 | D:15     | Found a large runed translucent door.
 32830 | D:15     | Found a large runed translucent door.
 32929 | D:15     | Noticed flotson's ghost (journeyman DsGl)
 34965 | D:15     | Noticed a frost giant
 34984 | D:15     | Killed a frost giant
 35056 | D:15     | Found a staircase to the Depths.
 35226 | Orc:1    | Killed an orc warlord
 35632 | Orc:2    | Noticed an orc warlord
 35690 | Orc:1    | Killed an orc warlord
 35858 | Orc:2    | Reached skill level 10 in Invocations
 35861 | Orc:2    | Reached XP level 16. HP: 145/145 MP: 18/22
 35876 | Orc:2    | Reached skill level 14 in Fighting
 36424 | Orc:2    | Found Famutz's Antique Armour Boutique.
 36433 | Orc:2    | Found Juepliet's Antique Weapon Boutique.
 36441 | Orc:2    | Found Vikumiuf's Jewellery Boutique.
 36496 | Orc:2    | Bought a runed battleaxe for 323 gold pieces
 36670 | Orc:2    | Found Nubyel's General Store.
 36676 | Orc:2    | Bought a scroll of blinking for 97 gold pieces
 36676 | Orc:2    | Bought a scroll of vulnerability for 97 gold pieces
 36838 | Orc:1    | Noticed Gastronok
 36861 | Orc:1    | Killed Gastronok
 37347 | Spider:1 | Entered Level 1 of the Spider Nest
 37873 | Spider:1 | Reached skill level 12 in Armour
 37901 | Spider:1 | Reached skill level 10 in Dodging
 38092 | Spider:1 | HP: 11/147 [jumping spider (11)]
 38092 | Spider:1 | HP: 5/147 [culicivora (6)]
 38092 | Spider:1 | HP: 2/147 [jumping spider (3)]
 38728 | Spider:2 | Found a frozen archway.
 38800 | IceCv    | Entered an ice cave
 39966 | Spider:2 | Reached skill level 15 in Axes
 39966 | Spider:2 | Reached skill level 6 in Evocations
 40446 | Spider:2 | Reached ****** piety under Makhleb
 41180 | Spider:1 | Reached XP level 17. HP: 147/154 MP: 20/24
 41228 | Spider:1 | HP: 12/154 [spark wasp (17)]
 41231 | Spider:1 | Reached skill level 15 in Fighting
 42520 | Spider:1 | Reached skill level 11 in Dodging
 42846 | Spider:3 | Reached skill level 11 in Invocations
 42865 | Spider:3 | Reached skill level 7 in Evocations
 43989 | Spider:4 | Entered Level 4 of the Spider Nest
 44008 | Spider:4 | Noticed Nikola
 44020 | Spider:3 | Reached skill level 13 in Armour
 44159 | Spider:4 | Killed Nikola
 45061 | Spider:4 | Noticed Roxanne
 45805 | Spider:4 | Noticed Mara
 45823 | Spider:4 | Noticed agentchuck's illusion
 46108 | Spider:4 | Killed Mara
 46395 | Spider:4 | Noticed Donald
 47066 | Spider:4 | Killed Donald
 47623 | Spider:4 | Reached XP level 18. HP: 157/166 MP: 23/25
 48098 | Spider:4 | Reached skill level 12 in Invocations
 48283 | Spider:4 | Got a gossamer rune of Zot
 48454 | Lair:3   | Upgraded the game from 0.28-a0-1415-g7c84da036a to
                  | 0.28-a0-1435-g82390b3a13
 48556 | Shoals:1 | Entered Level 1 of the Shoals
 48610 | Shoals:1 | Reached skill level 16 in Fighting
 48636 | Shoals:1 | Got the Disquisition on Shape Shifting and Conjuration
 48648 | Shoals:1 | Identified the +4 ring mail "Jeuckauq" {rElec Int+7}
 49032 | Shoals:1 | Noticed Louise
 49056 | Shoals:1 | Killed Louise
 49337 | Shoals:1 | Reached skill level 12 in Dodging
 49340 | Shoals:1 | Reached skill level 16 in Axes
 49989 | Shoals:2 | Identified the +1 pair of gloves of Weirdness {rElec rN++
                  | Int-3 Slay+2}
 50701 | Shoals:2 | Upgraded the game from 0.28-a0-1435-g82390b3a13 to
                  | 0.28-a0-1447-ga5a8893891
 51787 | Shoals:4 | Entered Level 4 of the Shoals
 52075 | Shoals:3 | Reached skill level 14 in Armour
 52979 | Shoals:4 | Reached skill level 13 in Invocations
 53034 | Shoals:4 | Got a barnacled rune of Zot
 53465 | Shoals:4 | Identified the +1 ring mail of Kysex {Will+}
 53575 | Shoals:4 | Reached XP level 19. HP: 133/174 MP: 20/27
 53961 | Shoals:4 | Found Judiom's General Store.
 53973 | Shoals:4 | Bought a potion of magic for 112 gold pieces
 54194 | Elf:1    | Entered Level 1 of the Elven Halls
 55277 | Elf:1    | Reached skill level 17 in Fighting
 55387 | Elf:1    | Found Deecoku's Jewellery Emporium.
 55660 | Elf:1    | Bought the ring of Twilight {rF+ Str+4 Dex+3} for 793 gold
                  | pieces
 56165 | Elf:1    | Got the Collected Works on Necromancy
 56262 | Elf:1    | Reached skill level 13 in Dodging
 56639 | Elf:2    | Acquired a manual of Conjurations
 57183 | Elf:2    | Found a runed translucent gate.
 57183 | Elf:2    | Found a runed translucent gate.
 57183 | Elf:2    | Found a runed translucent gate.
 57703 | Elf:1    | Reached skill level 7 in Throwing
 59293 | Elf:2    | Reached skill level 17 in Axes
 59723 | Elf:3    | Entered Level 3 of the Elven Halls
 60631 | Elf:3    | Reached XP level 20. HP: 144/187 MP: 22/28
 60666 | Elf:3    | Reached skill level 15 in Armour
 60668 | Elf:3    | Paralysed by an air elemental for 1 turns
 60671 | Elf:3    | Paralysed by an air elemental for 1 turns
 61014 | Elf:3    | Reached skill level 8 in Throwing
 61819 | Elf:3    | Got the Collected Works on Conjuration and Companions
 61835 | Elf:3    | Identified the +1 scale mail of the Tired Runes {rN+}
 61919 | Elf:3    | Identified the +7 mace of Ussetoz {vorpal, MP+9}
 61919 | Elf:3    | Identified the +1 robe of Wonder {rPois Str+2 Stlth-}
 61919 | Elf:3    | Identified the +9 scythe of Cobwebs {antimagic, *Noise
                  | Will+ rCorr Dex+4}
 61928 | Elf:3    | Identified the +9 long sword of Sulphur {protect, Int+2}
 61928 | Elf:3    | Identified the amulet of Orthodoxy {Reflect Int+3 SH+5}
 62329 | Elf:3    | Reached skill level 18 in Fighting
 63424 | Elf:3    | Got the Grimoire of Darkness
 63472 | Elf:3    | Identified the +1 plate armour "Neihia" {Str+7}
 64036 | Vaults:1 | Entered Level 1 of the Vaults
 64389 | Vaults:1 | Shot with a bolt by a yaktaur captain

Vanquished Creatures
  3 deep elf blademasters
  2 deep elf master archers (Elf:3)
  Gastronok (Orc:1)
  A frost giant (D:15)
  An orc warlord (Orc:1)
  5 ghost moths
  3 deep elf sorcerers
  Louise (Shoals:1)
  3 deep elf elementalists (Elf:3)
  4 emperor scorpions
  2 ironbound preservers
  2 broodmothers
  4 deep elf demonologists (Elf:3)
  2 entropy weavers
  A minotaur (Gauntlet)
  3 spark wasps
  5 deep elf annihilators (Elf:3)
  8 deep elf death magi
  4 merfolk impalers
  A yaktaur captain (Vaults:1)
  3 deep elf high priests (Elf:3)
  4 vault guards (Vaults:1)
  8 boulder beetles
  3 death knights
  4 hydras
  A caustic shrike simulacrum (IceCv)
  3 catoblepae (Lair:6)
  6 two-headed ogres
  2 alligator snapping turtles
  Erica (D:11)
  A merfolk avatar (Shoals:4)
  6 centaur warriors
  3 merfolk aquamancers
  A radroach (Spider:4)
  2 jorogumos
  11 death yaks
  24 dancing weapons
  4 satyrs
  4 tengu warriors (D:15)
  Urug (D:10)
  20 deep elf knights
  An orc high priest (Orc:2)
  2 pharaoh ants
  A shadow wraith (Shoals:2)
  9 sea snakes
  5 skeletal warriors
  8 steelbarb worms
  7 orb spiders
  3 deep trolls (Vaults:1)
  2 obsidian statues (IceCv)
  2 wizards
  2 spriggan simulacra
  2 bog bodies (IceCv)
  16 deep elf archers
  5 orc knights
  A phantasmal warrior (D:15)
  Pikel (D:3)
  23 deep elf zephyrmancers
  An ironbound convoker (Vaults:1)
  30 deep elf pyromancers
  15 wolf spiders
  24 fauns
  15 harpies
  3 lindwurms (Lair:4)
  A shining eye (shapeshifter) (Gauntlet)
  3 necromancers (Elf:1)
  7 orc sorcerers
  8 ugly things
  10 cyclopes
  A salamander (shapeshifter) (Elf:2)
  3 moths of wrath
  A moth of wrath (shapeshifter) (Gauntlet)
  11 manticores
  5 merfolk sirens
  5 elephants
  A torpor snail (Spider:4)
  5 water nymphs
  3 centaur zombies
  4 black mambas
  A gargoyle (D:12)
  8 cane toads
  3 large abominations (Elf:1)
  A minotaur zombie (Gauntlet)
  7 freezing wraiths
  4 rime drakes
  An efreet (D:13)
  14 demonic crawlers
  An unseen horror (D:12)
  A kobold demonologist (D:13)
  7 komodo dragons
  4 yaktaurs (Vaults:1)
  A tengu conjurer (D:15)
  An anaconda simulacrum (Spider:2)
  An entropy weaver simulacrum (IceCv)
  4 golden dragon simulacra (IceCv)
  An ice devil (IceCv)
  10 wind drakes
  6 meliai (Spider:3)
  9 trolls
  2 slime creatures (Vaults:1)
  2 polar bears
  12 snapping turtles
  6 hornets (Spider:4)
  30 tarantellas
  13 merfolk
  A meliai zombie (D:11)
  8 blink frogs (Lair:4)
  53 jumping spiders
  An air elemental (Elf:3)
  A culicivora (shapeshifter) (Gauntlet)
  A spriggan (shapeshifter) (D:15)
  11 culicivoras
  11 water elementals
  A vampire (D:7)
  3 wyverns
  5 shadows
  4 wraiths
  62 yaks
  A human (shapeshifter) (Gauntlet)
  10 basilisks
  2 fire elementals (Elf:3)
  17 vampire mosquitoes
  52 redbacks
  A harpy simulacrum (IceCv)
  3 minotaur simulacra
  Edmund (D:5)
  An acid dragon (D:12)
  4 wargs
  16 water moccasins
  5 hydra simulacra (IceCv)
  A floating eye (shapeshifter) (D:13)
  A sky beast (D:6)
  An ice beast (D:5)
  35 orc warriors
  2 swamp drakes (Lair:6)
  6 ogres
  4 black bears
  An ettin simulacrum (IceCv)
  An alligator simulacrum (Spider:2)
  4 centaurs
  6 wolves
  A lemure (D:3)
  2 phantoms
  A kobold brigand (D:7)
  2 gnoll sergeants
  13 bullfrogs
  3 scorpions (Lair:3)
  4 earth elementals
  A water moccasin skeleton (D:7)
  9 killer bees
  A lindwurm simulacrum (Spider:2)
  5 electric eels
  9 wights
  2 howler monkeys (D:13)
  2 vampire bats (Lair:5)
  2 hounds
  2 jellies
  A bullfrog skeleton (D:7)
  18 orc priests
  A scorpion zombie (D:5)
  Natasha (twice) (D:2)
  2 iguanas
  24 orc wizards
  A killer bee zombie (D:7)
  A hound skeleton (D:4)
  A howler monkey zombie (D:9)
  11 gnolls
  A howler monkey skeleton (D:5)
  6 adders
  2 ufetubi
  4 worms
  3 dart slugs
  70 orcs
  11 bats
  7 endoplasms
  7 giant cockroaches
  10 hobgoblins
  2 quokkas
  5 ball pythons
  2 frilled lizards
  7 goblins
  13 kobolds
  2 rats
1174 creatures vanquished.

Vanquished Creatures (collateral kills)
  Mara (Spider:4)
  Nikola (Spider:4)
  Donald (Spider:4)
  2 deep elf sorcerers (Elf:3)
  An emperor scorpion (Spider:3)
  An orc warlord (Orc:1)
  A ghost moth (Spider:2)
  A deep elf annihilator (Elf:3)
  A deep elf demonologist (Elf:3)
  2 entropy weavers
  A spark wasp (Spider:1)
  3 hydras
  2 merfolk avatars (Shoals:3)
  A merfolk aquamancer (Shoals:2)
  A dancing weapon (Elf:2)
  A sea snake (Shoals:3)
  A deep elf archer (D:15)
  An orc knight (Orc:1)
  A deep elf zephyrmancer (Elf:3)
  5 fauns
  A wolf spider (Spider:4)
  A will-o-the-wisp (Lair:6)
  2 manticores (Shoals:1)
  2 merfolk sirens
  A black mamba (Lair:5)
  A guardian serpent (shapeshifter) (Elf:2)
  A cane toad (Lair:5)
  A komodo dragon (Lair:6)
  A minotaur zombie (Gauntlet)
  An entropy weaver simulacrum (Spider:2)
  5 merfolk
  3 blink frogs (Lair:5)
  A basilisk (Lair:6)
  3 vampire mosquitoes (Lair:6)
  An alligator simulacrum (Spider:2)
  An orc priest (D:9)
  3 orcs (D:9)
58 creatures vanquished.

Vanquished Creatures (others)
  A deep elf demonologist (Elf:3)
  A deep elf knight (Elf:1)
  2 deep elf zephyrmancers
  A deep elf pyromancer (Elf:3)
  A merfolk (Shoals:4)
  A jumping spider (Spider:4)
  An orc wizard (D:13)
  4 foxfires (Lair:6)
  26 fungi
  268 plants
  4 tentacles (Shoals:2)
  A withered plant (D:4)
311 creatures vanquished.

Grand Total: 1543 creatures vanquished

Table legend: (Time is in decaauts)
 A = Elapsed time spent in this place.
 B = Non-inter-level travel time spent in this place.
 C = Inter-level travel time spent in this place.
 D = Time resting spent in this place.
 E = Time spent auto-exploring this place.
 F = Levels seen in this place.
 G = Mean time per level.
                   A        B        C        D        E       F      G
               +--------+--------+--------+--------+--------+-----+--------+
         Total |  64970 |  60509 |   4461 |  26908 |  15302 |  39 | 1665.9 |
       Dungeon |  25794 |  23282 |   2512 |   9667 |   7275 |  15 | 1719.6 |
        Temple |     79 |     46 |     33 |      0 |     34 |   1 |   79.0 |
          Lair |   8996 |   8468 |    528 |   2688 |   2700 |   6 | 1499.3 |
        Shoals |   5670 |   5279 |    391 |   2437 |    679 |   4 | 1417.5 |
   Spider Nest |   9419 |   9070 |    349 |   4408 |   2256 |   4 | 2354.8 |
  Orcish Mines |   2827 |   2622 |    205 |   1047 |    822 |   2 | 1413.5 |
   Elven Halls |   9609 |   9169 |    440 |   5329 |   1380 |   3 | 3203.0 |
        Vaults |    341 |    341 |      0 |    169 |      5 |   1 |  341.0 |
        Bailey |    405 |    405 |      0 |    281 |      0 |   1 |  405.0 |
      Ice Cave |   1041 |   1041 |      0 |    535 |      0 |   1 | 1041.0 |
      Gauntlet |    786 |    786 |      0 |    344 |    150 |   1 |  786.0 |
               +--------+--------+--------+--------+--------+-----+--------+

Top non-repeatable levels by time:
   Elf:3: 4092 daAuts
Spider:4: 3100 daAuts
    D:15: 2956 daAuts
   Elf:1: 2849 daAuts
     D:7: 2787 daAuts
     D:6: 2783 daAuts
   Elf:2: 2667 daAuts
Spider:1: 2392 daAuts
Spider:3: 2372 daAuts
    D:12: 2258 daAuts
  Lair:3: 2127 daAuts
Shoals:3: 2020 daAuts
     D:5: 1956 daAuts
  Lair:6: 1912 daAuts
   Orc:1: 1807 daAuts

Table legend:
 A = Non-vault XP
 B = Vault XP
 C = Vault XP percentage of total XP
 D = Non-vault monster count
 E = Vault monster count
 F = Vault count percentage of total count
                 A         B        C        D         E       F
            +---------+---------+-------+---------+---------+-------
      Total |  266045 |  190713 |  41.8 |     831 |     402 |  32.6
            +---------+---------+-------+---------+---------+-------
        D:1 |      57 |       0 |   0.0 |      25 |       0 |   0.0
        D:2 |      84 |      36 |  30.0 |      16 |       1 |   5.9
        D:3 |      24 |     641 |  96.4 |      11 |       1 |   8.3
        D:4 |     290 |       0 |   0.0 |      12 |       0 |   0.0
        D:5 |     849 |     166 |  16.4 |      17 |       1 |   5.6
        D:6 |     891 |     208 |  18.9 |      19 |       1 |   5.0
        D:7 |     619 |    4080 |  86.8 |       6 |      17 |  73.9
        D:8 |     495 |     883 |  64.1 |      12 |       4 |  25.0
        D:9 |    1338 |       0 |   0.0 |      18 |       0 |   0.0
       D:10 |    3742 |    1883 |  33.5 |      30 |      11 |  26.8
       D:11 |    3946 |    1377 |  25.9 |      14 |       4 |  22.2
       D:12 |    9002 |    2667 |  22.9 |      35 |       4 |  10.3
       D:13 |    4720 |    2390 |  33.6 |      20 |      11 |  35.5
       D:14 |    9040 |       0 |   0.0 |      18 |       0 |   0.0
       D:15 |   13269 |    2904 |  18.0 |      24 |       3 |  11.1
     Lair:1 |    2363 |     873 |  27.0 |      10 |       4 |  28.6
     Lair:2 |    2025 |     405 |  16.7 |       9 |       5 |  35.7
     Lair:3 |    6473 |    2455 |  27.5 |      22 |      12 |  35.3
     Lair:4 |    7371 |    1900 |  20.5 |      34 |       3 |   8.1
     Lair:5 |   10801 |     115 |   1.1 |      25 |       8 |  24.2
     Lair:6 |    5729 |   13611 |  70.4 |      20 |      30 |  60.0
   Shoals:1 |   17619 |    1180 |   6.3 |      36 |       1 |   2.7
   Shoals:2 |    9069 |     766 |   7.8 |      20 |       1 |   4.8
   Shoals:3 |   15462 |    5109 |  24.8 |      31 |       7 |  18.4
   Shoals:4 |   10032 |   12269 |  55.0 |      20 |      23 |  53.5
   Spider:1 |   21167 |    7457 |  26.1 |      58 |      11 |  15.9
   Spider:2 |   19254 |    1995 |   9.4 |      46 |       8 |  14.8
   Spider:3 |   11347 |    5643 |  33.2 |      33 |      19 |  36.5
   Spider:4 |    8022 |   25977 |  76.4 |      22 |      49 |  69.0
      Orc:1 |    4595 |    4232 |  47.9 |      32 |       6 |  15.8
      Orc:2 |    3590 |    5118 |  58.8 |      34 |      30 |  46.9
      Elf:1 |   22077 |    7887 |  26.3 |      35 |      12 |  25.5
      Elf:2 |   13734 |   20798 |  60.2 |      24 |      28 |  53.8
      Elf:3 |   22956 |   34254 |  59.9 |      36 |      34 |  48.6
   Vaults:1 |    3993 |    9164 |  69.7 |       7 |      13 |  65.0
     Bailey |       0 |     145 | 100.0 |       0 |       9 | 100.0
      IceCv |       0 |    8904 | 100.0 |       0 |      24 | 100.0
   Gauntlet |       0 |    3221 | 100.0 |       0 |       7 | 100.0
            +---------+---------+-------+---------+---------+-------
